AoeStats
← leoking1M

Arabia

510120702Analyzed
1v1 RM · 2d ago on Sep 29, 2026· 38m 15s· 2 players
Game mode
Random Map
Map size
Tiny (2 player)
Population
200
Speed
Normal
Resources
Standard
Victory
Conquest
Starting age
Dark Age
Ending age
Imperial Age
RankedLock teamsTeams togetherTeam positionsShared explorationLock speedFull tech treeHidden civsTurbo modeCheats
Victory
Defeat
🇵🇪 Ethiopians · Peru
1187
+14
1140
-14
(PNG) General_gabriel
7:44 Loom
10:18 Feudal Age
13:26 Horse Collar
14:52 Bloodlines
20:31 Double-Bit Axe
26:56 Castle Age
25:05 Gold Mining
25:59 Scale Barding Armor
26:10 Fletching
27:25 Forging
27:09 Elite Skirmisher
36:14 Chain Barding Armor
leoking1M
7:22 Loom
10:49 Feudal Age
10:59 Man-at-Arms
13:24 Double-Bit Axe
17:31 Fletching
21:55 Padded Archer Armor
26:17 Castle Age
25:14 Horse Collar
25:31 Gold Mining
26:22 Crossbowman
26:57 Bodkin Arrow
27:30 Bodkin Arrow
30:01 Leather Archer Armor
32:10 Thumb Ring
Connection lost

Rejoining the realm…

Still unreachable

The connection could not be restored.

Session expired

The server has moved on; the page needs a fresh start.